 Dungeon Crawl Stone Soup version 0.30.0-29-ga12c61a403 (webtiles) character file.

Game seed: 6614383605273734127

224349 TrollFarmer the Scorcher (level 18, -5/108 HPs)
             Began as a Gargoyle Earth Elementalist on May 27, 2023.
             Was the Champion of Ashenzari.
             Killed from afar by a merfolk aquamancer (37 damage)
             ... with a shard of ice
             ... on level 4 of the Shoals on June 3, 2023.
             The game lasted 11:54:20 (75854 turns).

TrollFarmer the Scorcher (GrEE)                    Turns: 75854, Time: 11:54:20

Health: -5/108     AC: 27    Str: 13    XL:     18   Next: 82%
Magic:  30/35      EV: 17    Int: 29    God:    Ashenzari [******]
Gold:   2191       SH: 12    Dex: 13    Spells: 5/44 levels left

rFire   + . .        n - +8 rapier "Gaze Upon Infinity" {flame, rN+ Dex+3 Stlth+, Bglg, Cun} (curse)
rCold   x . .        I - +1 buckler of Ashenzari's Burden {Cun, Fort} (curse)
rNeg    + + .        H - +2 robe "Limitation of Ashenzari" {Archmagi, Evo, Melee} (curse)
rPois   ∞            a - +2 hat "Eternal Idealism" {Will+, Range, Cun} (curse)
rElec   +            M - +1 cloak "Restrained Together" {Alch, Fort} (curse)
rCorr   .            j - +1 pair of gloves "Mantic Liberalism" {Comp, Bglg} (curse)
SInv    +            G - +0 pair of boots of the Cursed Welkin {Elem, Fort} (curse)
Will    ++...        K - amulet "Clairvoyant Discomfort" {Reflect SH+5, Comp, Cun} (curse)
Stlth   ++++         d - ring "I Foresaw This" {Int+6, Melee, Evo} (curse)
HPRegen 0.38/turn    Q - ring of Curses and Power {Fire, Comp, Evo} (curse)
MPRegen 0.24/turn

%: reflection, clarity, archmagi
@: flying
A: sickness immunity, AC +13, big wings, negative energy resistance 1,
electricity resistance, torment resistance 1, petrification resistance
}: 2/15 runes: serpentine, barnacled
a: Renounce Religion, Shatter the Chains


You were on level 4 of the Shoals.
You worshipped Ashenzari.
Ashenzari was exalted by your worship.
You visited 6 branches of the dungeon, and saw 31 of its levels.
You also visited: Ice Cave.

You collected 4118 gold pieces.
You spent 1927 gold pieces at shops.

Inventory:

Hand Weapons
 n - the cursed +8 rapier "Gaze Upon Infinity" (weapon) {flame, rN+ Dex+3 Stlth+, Bglg, Cun}
   (You took it off a goblin on level 2 of the Dungeon)

   Dex:       It affects your dexterity (+3).
   rN:        It protects you from negative energy.
   Stlth:     It makes you more stealthy.
   It has a curse which improves the following skills: Beguiling: Conjurations,
   Hexes and Translocations.
   Cunning:   Dodging and Stealth.
 N - the +5 scythe "Finisher" {speed, execute}
   (You found it on level 4 of the Shoals)
Missiles
 i - 7 atropa-tipped darts
 u - 2 curare-tipped darts
 v - 3 silver boomerangs
 x - 27 poisoned darts
 F - 20 javelins (quivered)
 P - 16 boomerangs
Armour
 a - the cursed +2 hat "Eternal Idealism" (worn) {Will+, Range, Cun}
   (You found it on level 8 of the Dungeon)

   It has a curse which improves the following skills: Ranged Combat: Ranged
   Weapons and Throwing.
   Cunning:   Dodging and Stealth.
 j - the cursed +1 pair of gloves "Mantic Liberalism" (worn) {Comp, Bglg}
   (You found it on level 1 of the Dungeon)

   It has a curse which improves the following skills: Companions: Summonings
   and Necromancy.
   Beguiling: Conjurations, Hexes and Translocations.
 o - a +0 pair of gloves of dexterity
 G - the cursed +0 pair of boots of the Cursed Welkin (worn) {Elem, Fort}
   (You found it on level 5 of the Dungeon)

   It has a curse which improves the following skills: Elements: Fire Magic, Ice
   Magic, Air Magic and Earth Magic.
   Fortitude: Armour and Shields.
 H - the cursed +2 robe "Limitation of Ashenzari" (worn) {Archmagi, Evo, Melee}
   (You took it off an orc sorcerer on level 2 of the Orcish Mines)

   It has a curse which improves the following skills: Evocations: Evocations.
   Melee Combat: Short Blades, Long Blades, Axes, Maces & Flails, Polearms,
   Staves and Unarmed Combat.
 I - the cursed +1 buckler of Ashenzari's Burden (worn) {Cun, Fort}
   (You found it on level 7 of the Dungeon)

   It has a curse which improves the following skills: Cunning: Dodging and
   Stealth.
   Fortitude: Armour and Shields.
 M - the cursed +1 cloak "Restrained Together" (worn) {Alch, Fort}
   (You bought it in a shop on level 7 of the Dungeon)

   It has a curse which improves the following skills: Alchemy: Poison Magic and
   Transmutations.
   Fortitude: Armour and Shields.
Jewellery
 d - the cursed ring "I Foresaw This" (left hand) {Int+6, Melee, Evo}
   (You found it on level 5 of the Dungeon)

   [ring of intelligence]

   Int:       It affects your intelligence (+6).
   It has a curse which improves the following skills: Melee Combat: Short
   Blades, Long Blades, Axes, Maces & Flails, Polearms, Staves and Unarmed
   Combat.
   Evocations: Evocations.
 K - the cursed amulet "Clairvoyant Discomfort" (around neck) {Reflect SH+5, Comp, Cun}
   (You found it on level 7 of the Dungeon)

   [amulet of reflection]

   It reflects blocked missile attacks.
   SH:        It affects your SH (+5).
   It has a curse which improves the following skills: Companions: Summonings
   and Necromancy.
   Cunning:   Dodging and Stealth.
 Q - the cursed ring of Curses and Power (right hand) {Fire, Comp, Evo}
   (You found it on level 1 of the Lair of Beasts)

   [ring of fire]

   It enhances your fire magic.
   rF:        It protects you from fire.
   rC:        It makes you vulnerable to cold.
   It has a curse which improves the following skills: Companions: Summonings
   and Necromancy.
   Evocations: Evocations.
Wands
 r - a wand of mindburst (17)
 C - a wand of charming (12)
 E - a wand of iceblast (6)
 L - a wand of polymorph (5)
 T - a wand of flame (5)
 X - a wand of light (20)
Scrolls
 e - 5 scrolls of vulnerability
 g - 16 scrolls of teleportation
 k - 2 scrolls of silence
 m - 6 scrolls of magic mapping
 q - 2 scrolls of acquirement
 s - 10 scrolls of enchant weapon
 w - 9 scrolls of fear
 y - 4 scrolls of fog
 A - 4 scrolls of brand weapon
 J - 2 scrolls of amnesia
 U - 3 scrolls of immolation
 W - 5 scrolls of poison
Potions
 b - 2 potions of magic
 f - 6 potions of attraction
 h - 12 potions of curing
 l - 8 potions of brilliance
 p - 7 potions of lignification
 t - 9 potions of might
 z - 7 potions of haste
 B - 3 potions of resistance
 S - a potion of mutation
 Y - 12 potions of ambrosia
 Z - 2 potions of berserk rage
Miscellaneous
 c - a piece from Xom's chessboard (15/15)
 D - a box of beasts
 O - a phial of floods
 R - a phantom mirror
 V - a lightning rod (4/4)


   Skills:
 - Level 10.5 Fighting
 - Level 9.7(13.3) Short Blades
 - Level 6.1(8.6) Throwing
 - Level 7.9(12.6) Armour
 - Level 7.5(13.1) Dodging
 - Level 2.1(6.1) Stealth
 - Level 4.0(8.2) Shields
 - Level 13.9 Spellcasting
 - Level 10.7(14.3) Conjurations
 - Level 3.7(6.9) Hexes
 - Level 3.2(7.1) Summonings
 - Level 3.3(6.4) Translocations
 - Level 2.7(4.8) Transmutations
 + Level 16.6(18.9) Fire Magic
 - Level 3.0(5.1) Air Magic
 - Level 12.7(15.1) Earth Magic
 - Level 4.1(8.4) Evocations


You had 5 spell levels left.
You knew the following spells:

 Your Spells              Type           Power      Damage    Failure   Level
a - Sandblast             Erth           100%       2d20      0%          1
b - Stone Arrow           Conj/Erth      100%       3d13      1%          3
c - Passwall              Tmut/Erth      71%        N/A       1%          2
d - Apportation           Tloc           100%       N/A       1%          1
e - Ignition              Fire           69%        3d18      9%          8
f - Sticky Flame          Conj/Fire      100%       2d11      1%          4
g - Ensorcelled Hibernat  Hex/Ice        100%       N/A       1%          2
h - Fulminant Prism       Conj/Hex       44%        3d19      1%          4
i - Irradiate             Conj/Tmut      42%        3d25      1%          5
j - Blink                 Tloc           100%       N/A       1%          2
k - Mephitic Cloud        Conj/Pois/Air  73%        N/A       1%          3
l - Summon Lightning Spi  Summ/Air       71%        N/A       2%          4

Your spell library contained the following spells:

 Spells                   Type           Power      Damage    Failure   Level
 Foxfire                  Conj/Fire      100%       2x1d9     0%          1
 Magic Dart               Conj           100%       1d8       0%          1
 Searing Ray              Conj           100%       2d8       0%          2
 Shock                    Conj/Air       100%       1d9       1%          1
 Sting                    Tmut/Pois      100%       1d8       1%          1
 Summon Small Mammal      Summ           100%       N/A       1%          1
 Call Imp                 Summ           100%       N/A       1%          2
 Lesser Beckoning         Tloc           100%       N/A       1%          2
 Momentum Strike          Conj/Tloc      100%       3d10      1%          2
 Poisonous Vapours        Pois/Air       100%       N/A       1%          2
 Static Discharge         Conj/Air       100%       2-7/arc   1%          2
 Ignite Poison            Fire/Tmut/Pois 100%       N/A       1%          3
 Swiftness                Air            66%        N/A       1%          3
 Animate Armour           Summ/Erth      100%       N/A       1%          4
 Cause Fear               Hex            37%        N/A       1%          4
 Leda's Liquefaction      Hex/Erth       45%        N/A       1%          4
 Petrify                  Tmut/Erth      86%        N/A       1%          4
 Fireball                 Conj/Fire      66%        3d25      1%          5
 Iskenderun's Battlesphe  Conj           100%       2d15      1%          5
 Lee's Rapid Deconstruct  Erth           52%        3d24*     1%          5
 Necrotise                Necr           100%       1d9       2%          1
 Airstrike                Air            33%        2d(5-21)  3%          4
 Summon Forest            Summ/Tloc      37%        N/A       5%          5
 Vampiric Draining        Necr           36%        2d8       7%          3
 Summon Ice Beast         Ice/Summ       58%        N/A       7%          4
 Yara's Violent Unravell  Hex/Tmut       34%        3d14      8%          5
 Frozen Ramparts          Ice            66%        1d10      9%          3
 Ice Form                 Ice/Tmut       51%        N/A       11%         4
 Animate Dead             Necr           36%        N/A       24%         4
 Dispel Undead            Necr           36%        3d15      24%         4
 Olgreb's Toxic Radiance  Pois           33%        N/A       28%         4
 Alistair's Intoxication  Tmut/Pois      34%        N/A       30%         5
 Agony                    Necr           36%        N/A       54%         5
 Starburst                Conj/Fire      66%        6d17      1%          6
 Plasma Beam              Fire/Air       58%        2x1d80    3%          6
 Lehudib's Crystal Spear  Conj/Erth      51%        10d12     45%         8
 Summon Hydra             Summ           37%        N/A       80%         7
 Eringya's Noxious Bog    Tmut/Pois      25%        N/A       86%         6
 Death Channel            Necr           18%        N/A       98%         6
 Dragon Form              Tmut           32%        N/A       98%         7
 Storm Form               Tmut/Air       32%        N/A       98%         7
 Fire Storm               Conj/Fire      66%        8d17      98%         9
 Haunt                    Necr/Summ      29%        N/A       99%         7
 Infestation              Necr           18%        N/A       100%        8
 Maxwell's Capacitive Co  Air            33%        ∞         100%        8
 Dragon's Call            Summ           37%        N/A       100%        9
 Cigotuvi's Dreadful Rot  Necr/Pois/Air  Unusable   N/A       N/A         2
 Sublimation of Blood     Necr           Unusable   N/A       N/A         2
 Statue Form              Tmut/Erth      Unusable   N/A       N/A         6

Dungeon Overview and Level Annotations

Branches:
Dungeon (15/15)            Temple (1/1) D:5            Lair (5/5) D:10
 Shoals (4/4) Lair:3        Snake (4/4) Lair:2        Slime (0/5) Lair:5
    Orc (2/2) D:11            Elf (0/3) Orc:2        Vaults (0/5) D:13
 Depths (0/4) D:15          IceCv (visited)

Altars:
Ashenzari
Fedhas
Gozag
Hepliaklqana
Kikubaaqudgha
Nemelex Xobeh
Okawaru
Qazlal
Sif Muna
Trog
Uskayaw
Vehumet
Wu Jian
Xom
Yredelemnul
Zin
The Shining One
Jiyva

Shops:
D:7 !=[   D:13 :*   D:14 !   Orc:2 :[:[   Shoals:1 [   Shoals:2 [=[!
Snake:3 *

Annotations:
D:4 3 runed translucent doors, Kamelo's ghost, amateur MiBe; Kranky's ghost, amateur TrWr; Whoops's ghost, weakling FoFi; booth's ghost, amateur GnRe
D:7 3 runed translucent doors, AverageBear's ghost, novice HOMo
Snake:1 1 runed translucent door


Innate Abilities, Weirdness & Mutations

You are immune to sickness and miasma.
Your stone body is resilient. (AC +13)
You are immune to poison.
Your large and strong wings let you fly.
You resist negative energy. (rN+)
You are resistant to electric shocks. (rElec)
You are resistant to unholy torment.
You are immune to petrification.


Message History

The plant is engulfed in a cloud of scalding steam.
The plant begins to die.
The merfolk aquamancer is engulfed in noxious fumes.
The merfolk aquamancer gestures at you while chanting.
The shard of ice hits you!!
You feel a painful chill!
The merfolk aquamancer is engulfed in noxious fumes.
Your lightning spire shoots out a bolt of lightning at the merfolk aquamancer!
The bolt of electricity hits the merfolk aquamancer!
The merfolk aquamancer is engulfed in noxious fumes.
The merfolk aquamancer casts a spell at you.
The ball of steam hits you! You resist.
The merfolk aquamancer is engulfed in a cloud of scalding steam.
The merfolk aquamancer casts a spell at you.
The torrent of water misses you.
The wave splashes down.
You feel a bit more experienced.
The merfolk aquamancer is engulfed in a cloud of scalding steam.
Unknown command.
The merfolk aquamancer gestures at you while chanting.
The ball of steam misses you.
You see here a +0 trident.
The merfolk aquamancer casts a spell at you.
The shard of ice hits you!!
You feel a painful chill!
* * * LOW HITPOINT WARNING * * *
The merfolk aquamancer is engulfed in a cloud of scalding steam.
Casting: Mephitic Cloud (safe; 1% risk of failure)
Confirm with . or Enter, or press ? or * to list all spells.
Okay, then.
The merfolk aquamancer casts a spell at you.
The ball of steam misses you.
The merfolk aquamancer is engulfed in a cloud of scalding steam.
The merfolk aquamancer gestures wildly while chanting.
The merfolk aquamancer blinks!
The merfolk impaler shouts!
You block the merfolk aquamancer's attack.
A merfolk javelineer comes into view. It is wielding a +3 vampiric spear.
The merfolk aquamancer points at you and mumbles some strange words.
The shard of ice misses you.
The merfolk aquamancer points at you and mumbles some strange words.
The shard of ice hits you!!!
You feel a painful chill!
You die...

≈≈≈≈~~~~.#.....#....###..~~≈≈≈≈≈~
≈≈≈≈≈≈~~~#.....#~~~....~~~~~~≈≈~P
≈≈≈≈≈≈~~~##...##~~~~...~~~~~~P≈PP
≈≈≈≈≈≈~~~~##'##~~m~~~..~~....~≈PP
≈≈≈≈≈≈~~~.......~~.~~~~~.....~PPP
≈≈≈≈≈≈~~~.....)..~~~~..~..##.~~P.
≈≈≈≈≈≈~~~....§....~~......#..~~~P
≈≈≈≈≈~~~~..).§....~~~~....~..~PP.
≈≈~~~~~~~......m@<~~m....~~~.~~~~
~~~.~~~~~........~~~~.##~~~....~~
~~~...~~~~...[m..)~~..#...~~..~~~
~.#####.~........~~...(..~~[~~~~#
~##...##.........~~.....~~~[~~~~#
.#.....#..................<.<~~~#
.#.....'...........####..[[[.~?~#
.#.....#............####.~.#..~~#
.##...##........~~.........##~~~~


You could see a merfolk impaler, a merfolk javelineer (wandering) and 2 merfolk
aquamancers.

Vanquished Creatures
  Vashnia (Snake:2)
  Polyphemus (Shoals:3)
  Donald (Orc:2)
  Ilsuiw (Shoals:2)
  5 nagarajas
  An orc warlord (Orc:1)
  An ironbound preserver (D:13)
  The ghost of Uvinaotu the Blocker, a journeyman MiFi of the Shining One (D:15)
  3 merfolk javelineers
  An ettin (Orc:2)
  Josephine (Lair:5)
  8 merfolk impalers
  2 fire dragons (D:15)
  The ghost of Liamsmithers the Cleaver, a journeyman MiBe of Trog (D:11)
  2 rakshasas (D:10)
  9 hydras
  4 catoblepae
  4 salamander tyrants
  2 alligator snapping turtles
  4 merfolk avatars
  5 anacondas
  An ogre mage (D:10)
  5 merfolk aquamancers
  2 tengu warriors
  3 boulder beetles
  A deep troll shaman (Lair:5)
  8 two-headed ogres
  7 centaur warriors
  14 death yaks
  Urug (Lair:5)
  An orc high priest (Orc:2)
  12 naga warriors
  8 shock serpents
  10 naga sharpshooters
  Sonja (Lair:5)
  4 skysharks
  2 salamander mystics
  3 skeletal warriors (D:14)
  8 sea snakes
  A flayed ghost (D:14)
  A deep troll (D:14)
  7 naga ritualists
  2 wizards (D:14)
  5 harpies (Shoals:3)
  2 deep elf pyromancers
  4 orc knights
  2 fauns (Shoals:1)
  6 mana vipers
  12 manticores
  3 orc sorcerers (Orc:2)
  10 ugly things
  9 cyclopes
  11 salamanders
  2 elephants (Lair:5)
  7 merfolk sirens
  2 guardian serpents
  29 black mambas
  11 naga magi
  7 water nymphs
  3 demonic crawlers (D:15)
  Maurice (D:11)
  2 gargoyles (D:13)
  A torpor snail (Lair:3)
  2 unseen horrors
  8 cane toads
  2 rime drakes
  A rime drake (shapeshifter) (D:13)
  2 yaktaurs
  Maggie (D:10)
  12 komodo dragons
  A tengu conjurer (D:10)
  3 efreet
  3 meliai (D:13)
  4 polar bears
  10 trolls
  A queen bee (shapeshifter) (D:14)
  A queen bee (D:13)
  32 merfolk
  8 wind drakes
  8 saltlings (Orc:2)
  11 snapping turtles
  15 blink frogs
  2 hornets
  6 slime creatures
  A vampire (D:12)
  15 water elementals
  3 spriggans (D:11)
  4 wyverns
  48 yaks
  A shadow (D:11)
  Eustachio (D:6)
  A human (shapeshifter) (D:15)
  8 wraiths
  7 basilisks
  Grum (D:11)
  2 steam dragons
  19 vampire mosquitoes
  8 wargs
  Edmund (D:6)
  5 acid dragons
  44 nagas
  11 water moccasins
  2 hell hounds (Lair:5)
  An ice beast (D:6)
  2 sky beasts
  24 orc warriors
  2 boggarts (D:10)
  A black bear (Lair:2)
  36 wolves
  4 centaurs
  3 ogres
  9 bullfrogs
  2 gnoll sergeants
  13 wights
  25 killer bees
  2 elephant simulacra
  4 electric eels
  10 howler monkeys
  13 orc priests
  5 hounds
  8 jellies
  An iguana (D:4)
  22 orc wizards
  3 polar bear simulacra
  A spriggan simulacrum (D:12)
  3 troll simulacra (D:12)
  A wolf simulacrum (D:12)
  8 gnolls
  7 adders
  A naga simulacrum (D:12)
  A white imp (D:5)
  An ufetubus (D:5)
  3 worms (D:2)
  A dart slug (D:4)
  67 orcs
  11 ball pythons
  3 bats
  3 endoplasms
  4 giant cockroaches
  3 goblins
  7 hobgoblins
  4 jackals
  2 quokkas
  3 frilled lizards
  5 kobolds
  A rat (D:1)
  A tentacle (Shoals:2)
935 creatures vanquished.

Vanquished Creatures (collateral kills)
  A kraken (Shoals:2)
  2 merfolk javelineers
  3 merfolk aquamancers
  A satyr (Shoals:3)
  A sea snake (Shoals:4)
  A harpy (Shoals:4)
  A manticore (Shoals:4)
  A faun (Shoals:1)
  4 merfolk
  A tentacle (Shoals:2)
16 creatures vanquished.

Vanquished Creatures (others)
  A merfolk aquamancer (Shoals:4)
  21 fulminant prisms
  48 tentacles (Shoals:2)
70 creatures vanquished.

Grand Total: 1021 creatures vanquished

Notes
Turn   | Place    | Note
-------+----------+-------------------------------------------
     0 | D:1      | TrollFarmer the Gargoyle Earth Elementalist began the quest
                  | for the Orb.
     0 | D:1      | Reached XP level 1. HP: 10/10 MP: 3/3
   629 | D:1      | Reached XP level 2. HP: 15/15 MP: 1/5
  1506 | D:2      | Identified the +8 rapier "Qottyff" {flame, rN+ Dex+3
                  | Stlth+}
  1644 | D:2      | Reached XP level 3. HP: 14/19 MP: 3/6
  1758 | D:2      | Reached skill level 5 in Earth Magic
  1764 | D:2      | Learned a level 3 spell: Stone Arrow
  1973 | D:2      | Reached skill level 1 in Conjurations
  2315 | D:2      | Reached XP level 4. HP: 24/24 MP: 7/7
  2885 | D:3      | Found a faded altar of an unknown god.
  3620 | D:4      | Reached XP level 5. HP: 28/28 MP: 6/8
  3750 | D:4      | Found a bloodstained altar of Trog.
  3947 | D:4      | Found a runed translucent gate.
  3947 | D:4      | Found a runed translucent gate.
  3947 | D:4      | Found a runed translucent gate.
  3951 | D:4      | Noticed Whoops's ghost (weakling FoFi)
  3951 | D:4      | Noticed Kranky's ghost (amateur TrWr)
  3999 | D:4      | Noticed booth's ghost (amateur GnRe)
  4000 | D:4      | Noticed Kamelo's ghost (amateur MiBe)
  4523 | D:5      | Entered Level 5 of the Dungeon
  4523 | D:5      | Noticed a centaur
  4761 | D:5      | Reached XP level 6. HP: 32/32 MP: 6/9
  5426 | D:5      | Reached skill level 5 in Conjurations
  5601 | D:5      | Reached XP level 7. HP: 36/36 MP: 7/10
  5885 | D:5      | Found a staircase to the Ecumenical Temple.
  6023 | Temple   | Entered the Ecumenical Temple
  6172 | Temple   | Became a worshipper of Ashenzari the Shackled
  7455 | D:6      | Noticed Edmund
  7475 | D:6      | Killed Edmund
  7476 | D:6      | Reached XP level 8. HP: 41/41 MP: 5/13
  7736 | D:6      | Noticed Eustachio
  7742 | D:6      | Killed Eustachio
  7883 | D:6      | Reached skill level 1 in Fighting
  8044 | D:6      | Reached skill level 5 in Spellcasting
  8204 | D:7      | Found Zaseawut's Distillery.
  8508 | D:7      | Found Mide's Jewellery Boutique.
  8540 | D:7      | Reached XP level 9. HP: 52/52 MP: 9/16
  8616 | D:7      | Found Veypu's Antique Armour Shop.
  8824 | D:7      | Found a runed translucent gate.
  8825 | D:7      | Found a runed translucent gate.
  8826 | D:7      | Found a runed translucent gate.
  8830 | D:7      | Noticed AverageBear's ghost (novice HOMo)
  8830 | D:7      | Identified the +6 chain mail of Kiothreidd {Int+3 Dex+2}
  9211 | D:7      | Bought an embroidered cloak for 187 gold pieces
  9259 | D:7      | Learned a level 2 spell: Passwall
  9261 | D:7      | Learned a level 1 spell: Apportation
  9265 | D:8      | Noticed a troll
  9319 | D:7      | Reached skill level 5 in Fighting
  9319 | D:7      | Killed a troll
  9508 | D:8      | Reached skill level 1 in Armour
  9508 | D:8      | Reached skill level 1 in Shields
  9508 | D:8      | Reached skill level 1 in Translocations
  9698 | D:8      | Noticed a hornet
  9710 | D:8      | Killed a hornet
 10013 | D:8      | Reached * piety under Ashenzari
 10199 | D:8      | Reached XP level 10. HP: 59/60 MP: 13/17
 10406 | D:9      | Identified the +2 short sword of Nomal {protect, rElec
                  | Int+3}
 11047 | D:9      | Learned a level 8 spell: Ignition
 11074 | D:9      | Reached skill level 1 in Fire Magic
 11397 | D:9      | Reached ** piety under Ashenzari
 11583 | D:10     | Entered Level 10 of the Dungeon
 11632 | D:10     | Noticed Maggie
 11637 | D:10     | Killed Maggie
 11638 | D:10     | Reached skill level 2 in Fire Magic
 11899 | D:9      | Reached skill level 3 in Fire Magic
 12330 | D:10     | Noticed a two-headed ogre
 12339 | D:10     | Killed a two-headed ogre
 12340 | D:10     | Reached skill level 5 in Dodging
 12340 | D:10     | Reached skill level 4 in Fire Magic
 12855 | D:10     | Noticed a manticore
 12855 | D:10     | Noticed a deep elf pyromancer
 12864 | D:10     | Noticed a rakshasa
 12868 | D:10     | Killed a manticore
 12869 | D:10     | Reached XP level 11. HP: 55/64 MP: 10/20
 12874 | D:10     | Noticed a four-headed hydra
 12878 | D:10     | Noticed a rakshasa
 12879 | D:10     | Noticed a tengu warrior
 12915 | D:10     | Noticed an ogre mage
 13213 | D:9      | Killed a four-headed hydra
 13214 | D:9      | Reached skill level 5 in Fire Magic
 13874 | D:10     | Killed a deep elf pyromancer
 13978 | D:10     | Reached *** piety under Ashenzari
 14326 | D:10     | Found a staircase to the Lair.
 14330 | D:10     | Killed an ogre mage
 14331 | D:10     | Reached skill level 6 in Fire Magic
 14354 | D:10     | Killed a rakshasa
 14505 | D:10     | Killed a rakshasa
 14844 | D:10     | Killed a tengu warrior
 15296 | D:10     | Learned a level 4 spell: Sticky Flame
 15306 | Lair:1   | Entered Level 1 of the Lair of Beasts
 15321 | Lair:1   | Reached skill level 7 in Fire Magic
 15381 | Lair:1   | Reached XP level 12. HP: 56/72 MP: 23/25
 16030 | Lair:1   | Noticed a catoblepas
 16046 | Lair:1   | Killed a catoblepas
 16047 | Lair:1   | Reached skill level 1 in Short Blades
 16166 | Lair:1   | Reached **** piety under Ashenzari
 16876 | Lair:2   | Reached skill level 1 in Evocations
 17061 | Lair:2   | Reached skill level 8 in Fire Magic
 18191 | Lair:2   | Reached skill level 9 in Fire Magic
 18191 | Lair:2   | Found a staircase to the Snake Pit.
 18362 | Lair:2   | Noticed a catoblepas
 18392 | Lair:2   | Killed a catoblepas
 18991 | Lair:2   | Learned a level 2 spell: Ensorcelled Hibernation
 19004 | Lair:2   | Learned a level 4 spell: Fulminant Prism
 19129 | Lair:3   | Reached skill level 1 in Hexes
 19129 | Lair:3   | Reached XP level 13. HP: 63/78 MP: 17/27
 19146 | Lair:3   | Reached skill level 5 in Short Blades
 19281 | Lair:3   | Found a staircase to the Shoals.
 19683 | Lair:3   | Reached ***** piety under Ashenzari
 21724 | Lair:5   | Entered Level 5 of the Lair of Beasts
 21804 | Lair:5   | Reached skill level 1 in Throwing
 22595 | Lair:5   | Noticed Urug
 22625 | Lair:5   | Reached skill level 10 in Earth Magic
 22956 | Lair:5   | Killed Urug
 23279 | Lair:5   | Noticed Josephine
 23284 | Lair:5   | Killed Josephine
 23457 | Lair:5   | Gained mutation: Your large and strong wings let you fly.
                  | [Gargoyle growth]
 23457 | Lair:5   | Reached XP level 14. HP: 84/84 MP: 22/28
 24150 | Lair:5   | Reached skill level 5 in Throwing
 24345 | Lair:5   | Found a viscous altar of Jiyva.
 24372 | Lair:5   | Found a staircase to the Slime Pits.
 25299 | Lair:5   | Identified the +7 arbalest of the Eternal Void {speed, rC+}
 25299 | Lair:5   | Noticed Sonja
 25303 | Lair:5   | Killed Sonja
 26661 | D:10     | Learned a level 5 spell: Irradiate
 26812 | D:10     | Reached skill level 1 in Transmutations
 27466 | D:11     | Found a staircase to the Orcish Mines.
 27622 | D:11     | Noticed Grum
 27644 | D:11     | Killed Grum
 27728 | D:11     | Reached ****** piety under Ashenzari
 28231 | D:11     | Found a runed translucent door.
 28234 | D:11     | Noticed Liamsmithers's ghost (journeyman MiBe)
 28239 | D:11     | Identified the +8 trident "Dyced Vakk" {freeze, rF+ Str+4}
 28725 | D:11     | Killed Liamsmithers's ghost
 28851 | D:11     | Identified the +9 triple crossbow of Dairylop {freeze,
                  | Will++ Int+2}
 28952 | D:12     | Found a broken altar of Ashenzari.
 29104 | D:12     | Found a frozen archway.
 29125 | IceCv    | Entered an ice cave
 29277 | IceCv    | Found a transporter.
 29307 | IceCv    | Found a transporter.
 30157 | D:12     | Reached skill level 10 in Fire Magic
 30967 | D:13     | Found a gate to the Vaults.
 30967 | D:13     | Noticed an ironbound preserver
 31003 | D:13     | Killed an ironbound preserver
 31439 | D:13     | Found Isybros's Book Emporium.
 31489 | D:13     | Bought a book of Spatial Translocations for 270 gold pieces
 31489 | D:13     | Bought a book of Minor Magic for 270 gold pieces
 31504 | D:13     | Learned a level 2 spell: Blink
 31624 | D:13     | Reached XP level 15. HP: 83/92 MP: 26/29
 31826 | D:13     | Found Penaciz's Practical Paraphernalia.
 33583 | Orc:1    | Entered Level 1 of the Orcish Mines
 33586 | Orc:1    | Noticed Maurice
 33601 | D:11     | Killed Maurice
 34560 | Orc:2    | Entered Level 2 of the Orcish Mines
 35104 | Orc:2    | Found a shimmering blue altar of Sif Muna.
 35403 | Orc:2    | Found a staircase to the Elven Halls.
 35812 | Orc:2    | Learned a level 3 spell: Mephitic Cloud
 35901 | Orc:2    | Reached skill level 11 in Fire Magic
 36023 | Orc:2    | Reached skill level 10 in Conjurations
 36231 | Orc:2    | Found Maeme's Armour Boutique.
 36826 | Orc:2    | Noticed an orc warlord
 36981 | Orc:2    | Noticed Donald
 36990 | Orc:2    | Killed Donald
 37464 | Orc:1    | Killed an orc warlord
 37674 | Orc:2    | Paralysed by an orc sorcerer for 4 turns
 38365 | Orc:2    | Found Fucu's Book Shop.
 38367 | Orc:2    | Found Vopolon's Antique Armour Shop.
 38446 | Orc:2    | Found Jesesorgh's Book Emporium.
 40068 | D:14     | Found Elit Uxok's Distillery.
 40974 | D:14     | Identified 3 scrolls of acquirement
 40975 | D:14     | Reached skill level 12 in Fire Magic
 41126 | D:14     | Acquired 374 gold pieces
 41209 | D:13     | Acquired the +8 orange crystal plate armour {Archmagi,
                  | Int+3 Clar}
 41209 | D:13     | Found the +8 orange crystal plate armour {Archmagi, Int+3
                  | Clar}
 42498 | D:15     | Entered Level 15 of the Dungeon
 43283 | D:15     | Found a staircase to the Depths.
 43898 | D:15     | Reached XP level 16. HP: 94/95 MP: 25/29
 44354 | D:15     | Reached skill level 5 in Armour
 44743 | D:15     | Found a runed translucent gate.
 44743 | D:15     | Found a runed translucent gate.
 44744 | D:15     | Found a runed translucent gate.
 44752 | D:15     | Noticed Uvinaotu's ghost (journeyman MiFi)
 45105 | D:15     | Found a radiant altar of Vehumet.
 45174 | D:15     | Reached skill level 10 in Spellcasting
 45394 | D:15     | Killed Uvinaotu's ghost
 48663 | Snake:1  | Entered Level 1 of the Snake Pit
 50339 | Snake:1  | Found a runed translucent door.
 50344 | Snake:1  | Identified the +0 scale mail of Onnaichia {Int+5 Dex+2}
 50579 | Snake:2  | Identified the Quarto of the Wasteland
 51774 | Snake:2  | Noticed Vashnia
 53165 | Snake:2  | Killed Vashnia
 53166 | Snake:2  | Reached skill level 13 in Fire Magic
 54535 | Snake:3  | Noticed a nagaraja
 54548 | Snake:3  | Killed a nagaraja
 55358 | Snake:3  | Reached XP level 17. HP: 99/99 MP: 27/33
 56143 | D:13     | Bought a book of the Earth for 540 gold pieces
 56143 | D:13     | Bought a book of Fire for 660 gold pieces
 56578 | Snake:3  | Found Jouh's Neck Hole.
 56834 | Snake:3  | Reached skill level 1 in Summonings
 56834 | Snake:3  | Reached skill level 1 in Air Magic
 57801 | Snake:4  | Entered Level 4 of the Snake Pit
 58375 | Snake:4  | Upgraded the game from 0.30.0-19-g36f170ea60 to
                  | 0.30.0-20-g3b4254fcbd
 60982 | Snake:4  | Reached skill level 14 in Fire Magic
 61974 | Snake:4  | Got a serpentine rune of Zot
 62467 | Shoals:1 | Entered Level 1 of the Shoals
 62758 | Lair:3   | Upgraded the game from 0.30.0-20-g3b4254fcbd to
                  | 0.30.0-29-ga12c61a403
 62763 | Lair:3   | Learned a level 4 spell: Summon Lightning Spire
 65075 | Shoals:1 | Found Rerhory Juj's Armour Boutique.
 65227 | Shoals:2 | Found Puku's Book Boutique.
 65700 | Shoals:2 | Found Bolosem's Distillery.
 66174 | Shoals:2 | Reached XP level 18. HP: 104/105 MP: 23/35
 66347 | Shoals:2 | Noticed Ilsuiw
 66350 | Shoals:2 | HP: 2/105 [merfolk aquamancer/shard of ice (53)]
 67471 | Shoals:2 | Found Hisiquostra's Antique Armour Boutique.
 68229 | Shoals:2 | Reached skill level 15 in Fire Magic
 68736 | Shoals:2 | Found Haestrat's Antique Armour Boutique.
 68823 | Shoals:2 | Found Jitrig's Jewellery Emporium.
 68921 | Shoals:2 | Killed Ilsuiw
 70702 | Shoals:3 | Reached skill level 10 in Fighting
 72313 | Shoals:3 | Noticed Polyphemus
 72452 | Shoals:3 | Killed Polyphemus
 72735 | Shoals:4 | Entered Level 4 of the Shoals
 72912 | Shoals:4 | Identified the Atlas of Mysticism
 73074 | Shoals:4 | Found the +5 scythe "Finisher" {speed, execute}
 74217 | Shoals:3 | Reached skill level 16 in Fire Magic
 75639 | Shoals:4 | Got a barnacled rune of Zot
 75854 | Shoals:4 | Killed from afar by a merfolk aquamancer

Illustrated notes

Levels and vault maps discovered:
D:1:      dpeg_arrival_boxorama, layout_basic, chequers_serial_rivers_small_3
D:2:      layout_basic, wad_orctagon
D:3:      layout_basic, chequers_ecumenical_altar_simple_redux,
          dk_noncrumbling_3
D:4:      layout_loops_ring, lightli_temple_of_fire, gammafunk_ghost_cemetery
D:5:      layout_layer_cave, minmay_temple_entry_arrows, nicolae_zen_rock_garden
D:6:      layout_rooms, uniq_edmund, uniq_eustachio
D:7:      layout_basic, serial_shops, nicolae_shop_trees, shop,
          nicolae_shop_competitors_out_of_business, biasface_ghost_orc_armoury
D:8:      layout_loops_ring, st_stairs_4
D:9:      layout_basic, david_defended_altar_orc
D:10:     layout_layer_cave, david_lair_shrubbed, nrook_mini_vaults,
          minivault_28, uniq_maggie
D:11:     layout_cave_pools, david_orc_4, ebering_ghost_funeral_grove, uniq_grum
D:12:     layout_big_octagon, portal_ice_cave_entry_ice_simulacra,
          ashenzari_conservatory_becter
D:13:     layout_roguey [special_room_bee], skrybe_vaults_entry_preservation,
          serial_shops, nicolae_lakefront_shop, nicolae_alphabet_shops
D:14:     four-leaf_vault, layout_basic, serial_shops,
          nicolae_shop_pleasant_corner_grove
D:15:     grunt_enter_depths_hoard, layout_cave_pods, ebering_ghost_rock_garden,
          vehumet_crystals, minmay_statues_item, einodemon_crawler_minivault
Temple:   mainiacjoe_temple_archimedes_tessellation
Lair:1:   layout_loops_ring, hibernation_bobbens
Lair:2:   layout_regular_city, nicolae_snake_entry_squirm, lemuel_fruit_tree,
          wad_woods_river_01, serial_bayou_shore_b
Lair:3:   layout_gridlike, shoals_dummy_entry
Lair:4:   layout_concentric_octagons
Lair:5:   grunt_lair_end_beastmaster, layout_cave_pods,
          nicolae_slime_entry_field_trip, enter_volcano_3, st_stairs_5,
          uniq_urug, uniq_sonja, uniq_josephine
Shoals:1: layout_shoals, serial_shops, shop
Shoals:2: layout_shoals, serial_shops, nicolae_shop_trees, shop, shop, shop,
          nicolae_shop_hallway_plus, uniq_ilsuiw
Shoals:3: layout_shoals, uniq_polyphemus
Shoals:4: shoals_end_simple, layout_shoals, nicolae_shoals_secluded_bog
Snake:1:  cheibrodos_toxic_ritual, layout_layer_cave, nicolae_integral_box,
          grunt_megastairs_2
Snake:2:  layout_basic, guppyfry_library_mini, uniq_vashnia
Snake:3:  layout_rooms, nicolae_shop_sticking_my_neck_out, grunt_megastairs_3
Snake:4:  minmay_snake_end_coiled, layout_misc_corridors, nicolae_snake_shapes
Orc:1:    layout_caves, mines5_lemuel, uniq_maurice
Orc:2:    hellmonk_orc_salted, layout_caves, kennysheep_orc_sif_temple,
          uniq_donald

Skill      XL: |  1  2  3  4  5  6  7  8  9 10 11 12 13 14 15 16 17 18 |
---------------+-------------------------------------------------------+-----
Earth Magic    | 4 5 6 7 8 10 12 | 12.7
Conjurations   | 1 3 4 5 7 9 10 | 10.7
Spellcasting   | 3 5 6 7 8 9 12 13 | 13.9
Fighting       | 4 5 7 8 9 10 | 10.5
Armour         | 3 4 7 |  7.9
Dodging        | 2 5 7 |  7.5
Shields        | 3 4 |  4.0
Translocations | 2 3 |  3.3
Fire Magic     | 4 7 9 10 12 13 14 16 | 16.6
Short Blades   | 4 7 8 9 |  9.7
Evocations     | 4 |  4.1
Hexes          | 1 3 |  3.7
Throwing       | 4 6 |  6.1
Transmutations | 2 |  2.7
Summonings     | 3 |  3.2
Air Magic      | 3 |  3.0
Stealth        | |  2.1

Action                     |  1- 3 |  4- 6 |  7- 9 | 10-12 | 13-15 | 16-18 || total
---------------------------+-------+-------+-------+-------+-------+-------++-------
  Melee: Long sword        |     9 |       |       |       |       |       ||     9
         Rapier            |    13 |    18 |    35 |   203 |   592 |   413 ||  1274
         Punch             |     1 |       |       |       |       |       ||     1
  Throw: Boomerang         |       |       |     6 |    24 |       |       ||    30
         Javelin           |       |       |       |     3 |    56 |    64 ||   123
         Dart              |       |       |       |       |       |     3 ||     3
   Cast: Sandblast         |    44 |    45 |    52 |    90 |   171 |    27 ||   429
         Stone Arrow       |       |     7 |    45 |   129 |   471 |   655 ||  1307
         Passwall          |       |       |       |     2 |       |       ||     2
         Sticky Flame      |       |       |       |     9 |    42 |   178 ||   229
         Ensorcelled Hiber |       |       |       |       |    12 |    27 ||    39
         Fulminant Prism   |       |       |       |       |    10 |    11 ||    21
         Mephitic Cloud    |       |       |       |       |     4 |    47 ||    51
         Irradiate         |       |       |       |       |     3 |    10 ||    13
         Blink             |       |       |       |       |     3 |     1 ||     4
         Summon Lightning  |       |       |       |       |       |    32 ||    32
 Invoke: Curse Item        |       |       |     2 |     5 |     3 |     1 ||    11
         Shatter the Chain |       |       |       |       |     1 |       ||     1
  Evoke: Wand              |       |       |       |     1 |     1 |     8 ||    10
         Phial of floods   |       |       |       |       |     1 |       ||     1
         Box of beasts     |       |       |       |       |       |     1 ||     1
         Lightning rod     |       |       |       |       |       |     1 ||     1
         Phantom mirror    |       |       |       |       |       |     1 ||     1
         Piece from Xom's  |       |       |       |       |       |     1 ||     1
    Use: Scroll            |       |     4 |     4 |     2 |     8 |       ||    18
         Potion            |       |       |     1 |     2 |     6 |     3 ||    12
   Stab: Sleeping          |     4 |     6 |     3 |     2 |    17 |    26 ||    58
         Invisible         |       |       |       |       |       |     1 ||     1
         Confused          |       |       |       |       |       |    15 ||    15
         Distracted        |       |       |       |       |       |     1 ||     1
 Armour: Robe              |     8 |    19 |    21 |    65 |   242 |   416 ||   771
         Leather armour    |       |       |     4 |    18 |       |       ||    22
         Troll leather arm |       |       |     2 |       |       |       ||     2
         Acid dragon scale |       |       |       |    64 |       |       ||    64
  Dodge: Dodged            |    25 |    31 |    38 |   181 |   491 |   524 ||  1290
  Block: Other             |       |       |    14 |       |       |       ||    14
         Reflection        |       |       |     1 |     8 |    15 |    88 ||   112
         Buckler           |       |       |       |   180 |   500 |   603 ||  1283
